 Dungeon Crawl Stone Soup version 0.17-a0-1373-g64d4c99 (webtiles) character file.

84 xgamer67 the Ruffian (level 4, -4/41 HPs)
             Began as a Troll Hunter on June 13, 2015.
             Slain by an orc
             ... wielding a +1 short sword of electrocution
              (9 damage)
             ... on level 3 of the Dungeon.
             The game lasted 00:04:37 (1534 turns).

xgamer67 the Ruffian (Troll Hunter)                 Turns: 1534, Time: 00:04:37

Health: -4/41      AC:  5    Str: 20    XL:     4   Next: 24%
Magic:  3/3        EV: 10    Int:  7    God:
Gold:   77         SH:  0    Dex: 14    Spells: 0 memorised, 3 levels left

rFire  . . .     SeeInvis .       - Unarmed
rCold  . . .     Clarity  .     d - +0 robe
rNeg   + . .     SustAt   .     (no shield)
rPois  .         Gourm    +     (helmet restricted)
rElec  .         Spirit   .     (no cloak)
rCorr  .         Warding  .     (gloves unavailable)
rMut   .         Stasis   .     (boots unavailable)
MR     .....                    (no amulet)
Stlth  +.........               r - +3 ring of dexterity
                                l - ring of positive energy

@: lethally poisoned (-4 -> -5), not resistant to hostile enchantments, very
unstealthy
A: unfitting armour, claws 3, fast metabolism 3, gourmand, regeneration 2,
shaggy fur 1, spit poison 1, tough skin 2
a: Spit Poison


You were on level 3 of the Dungeon.
You were completely stuffed.

You visited 1 branch of the dungeon, and saw 3 of its levels.

You collected 77 gold pieces.

Inventory:

Missiles
 a - 5 large rocks (quivered)
 b - 2 throwing nets
Armour
 d - a +0 robe (worn)
Jewellery
 l - a ring of positive energy (left claw)
 r - a +3 ring of dexterity (right claw)
Scrolls
 f - a scroll of enchant weapon {unknown}
 i - 2 scrolls of remove curse
 n - a scroll of teleportation
 o - a scroll of amnesia {unknown}
 q - a scroll of blinking {unknown}
 t - a scroll of immolation {unknown}
Potions
 c - a potion of might
 j - a potion of cancellation {unknown}
 k - 2 potions of heal wounds {unknown}
 m - a potion of degeneration {unknown}
 p - a potion of resistance {unknown}
 s - a potion of agility {unknown}
 u - a potion of cure mutation {unknown}
 v - a potion of magic {unknown}
Comestibles
 e - 4 bread rations
 g - 2 meat rations
 h - 5 fruits


   Skills:
 - Level 1.5 Fighting
 - Level 3.6 Throwing
 - Level 1.5 Dodging
 - Level 0.4 Stealth
 + Level 3.9 Unarmed Combat


You had 3 spell levels left.
You didn't know any spells.

Dungeon Overview and Level Annotations

Branches:
Dungeon (3/15)

Altars:
Dithmenos


Innate Abilities, Weirdness & Mutations

You are too large for most types of armour.
You have claws for hands.
Your metabolism is lightning-fast.
You like to eat raw meat.
You heal very quickly.
You are covered in fur (AC +1).
You have very tough skin (AC +2).
You can spit weak poison.


Message History

You are too injured to fight recklessly!
Drink which item? (? for menu, Esc to quit)
Okay, then.
The orc hits you with a dagger.
* * * LOW HITPOINT WARNING * * *
You claw the adder!
The adder begins to bleed from its wounds!
Your claw misses the adder.
The adder is severely wounded.
The adder barely misses you. The orc hits you but does no damage.
The adder bites you but does no damage.
You barely miss the adder.
The adder is almost dead.
The orc hits you but does no damage. x2
The adder bites you.
* * * LOW HITPOINT WARNING * * *
You are poisoned.
The adder poisons you! The orc hits you but does no damage.
You are electrocuted!
You die...

....... ......
..... #...#
###...# #....?#
#..a..# +.ooS.+
#.o@[.# ##...###
#....# +....#
#....# #....#
#....# #####
#....###...#####
#..............#


You could see a worker ant, an adder (bleeding) and 3 orcs.

Vanquished Creatures
  An orc priest (D:3)
  3 adders
  A giant gecko (D:1)
  2 giant cockroaches
  7 goblins
  3 hobgoblins
  A ball python (D:2)
  7 bats
  A giant newt (D:1)
  4 kobolds
  7 rats
37 creatures vanquished.

Notes
Turn   | Place    | Note
--------------------------------------------------------------
     0 | D:1      | xgamer67 the Troll Hunter began the quest for the Orb.
     0 | D:1      | Reached XP level 1. HP: 19/19 MP: 0/0
    78 | D:1      | Reached skill level 1 in Unarmed Combat
   148 | D:1      | Reached XP level 2. HP: 27/27 MP: 1/1
   805 | D:2      | Found a shadowy altar of Dithmenos.
  1021 | D:2      | Reached XP level 3. HP: 33/33 MP: 2/2
  1417 | D:3      | Gained mutation: You can spit weak poison. [potion of beneficial mutation]
  1526 | D:3      | Reached XP level 4. HP: 34/41 MP: 3/3
  1534 | D:3      | Slain by an orc

Vault maps used:
D:1:      lightli_arrival_farm
D:2:      hangedman_decor_growths, minivault_23, grunt_dithmenos_smoke
D:3:      portal_sewer_entry_c, nicolae_ru_path_of_blood

Action                   |  1- 3 |  4- 6 || total
-------------------------+-------+-------++-------
Melee: Unarmed           |    83 |     5 ||    88
       Short sword       |     1 |       ||     1
  Use: Scroll            |     4 |       ||     4
       Potion            |     1 |       ||     1
 Stab: Sleeping          |     4 |       ||     4
       Distracted        |     1 |       ||     1
  Eat: Chunk             |    20 |       ||    20
